 Dungeon Crawl Stone Soup version 0.31-a0-214-gb37851dbb3 (webtiles) character file.

Game seed: 5460037468006439727

555 qw the Shooter (level 7, -6/49 (60) HPs)
             Began as a Minotaur Hexslinger on July 1, 2023.
             Was an Initiate of Okawaru.
             Mangled by Edmund
             ... wielding a +0 flail of draining
              (13 damage)
             ... on level 5 of the Dungeon.
             The game lasted 00:01:45 (3448 turns).

qw the Shooter (Minotaur Hexslinger)                Turns: 3448, Time: 00:01:46

HP:   -6/49 (60)    AC:  5    Str: 10    XL:     7   Next: 8%
MP:   7/7           EV: 11    Int: 13    God:    Okawaru [......]
Gold: 248           SH:  0    Dex: 18    Spells: 7/8 levels left

rFire   . . .        d - +0 shortbow
rCold   . . .        (shield currently unavailable)
rNeg    . . .        f - +0 ring mail
rPois   .            (helmet restricted)
rElec   .            (no cloak)
rCorr   +            (no gloves)
SInv    .            (no boots)
Will    .....        (no amulet)
Stlth   +            a - ring of resist corrosion
HPRegen 0.28/turn    (no ring)
MPRegen 0.10/turn

%: no passive effects
@: heavily drained
A: horns 2, retaliatory headbutt, agile 1, clever 1
a: Renounce Religion


You were on level 5 of the Dungeon.
You worshipped Okawaru.
Okawaru was noncommittal.
You visited 2 branches of the dungeon, and saw 6 of its levels.
You also visited: Ossuary.

You collected 333 gold pieces.
You spent 85 gold pieces at shops.


Innate Abilities, Weirdness & Mutations

You have a pair of horns on your head.
You reflexively headbutt those who attack you in melee.
You are agile. (Dex +4, Str/Int -1)
Your mind is acute. (Int +4, Str/Dex -1)


   Skills:
 - Level 4.7 Fighting
 + Level 7.2 Ranged Weapons
 - Level 1.1 Armour
 - Level 2.1 Dodging
 - Level 1.0 Spellcasting
 - Level 2.0 Hexes


You had 7 spell levels left.
You knew the following spells:

 Your Spells              Type           Power      Damage    Failure   Level
a - Slow                  Hex            20%        N/A       30%         1

Your spell library contained the following spells:

 Spells                   Type           Power      Damage    Failure   Level
 Inner Flame              Hex/Fire       3%         N/A       80%         3
 Portal Projectile        Hex/Tloc       6%         N/A       80%         3
 Cause Fear               Hex            2%         N/A       97%         4

Inventory:

Hand Weapons
 d - a +0 shortbow (weapon)
Armour
 f - a +0 ring mail (worn)
Jewellery
 a - a ring of resist corrosion (left hand)
Scrolls
 c - a scroll of torment {unknown}
 i - 2 scrolls of identify
 j - a scroll of silence {unknown}
Potions
 b - 5 potions of resistance
 e - 2 potions of might
 g - 2 potions of curing
 h - a potion of mutation
 k - a potion of experience {unknown}
 l - a potion of haste {unknown}
 m - a potion of enlightenment {unknown}

Dungeon Overview and Level Annotations

Branches:
Dungeon (5/15)             Temple (1/1) D:4         Ossuary (visited)

Altars:
Ashenzari
Elyvilon
Gozag
Hepliaklqana
Kikubaaqudgha
Makhleb
Nemelex Xobeh
Okawaru
Qazlal
Ru
Sif Muna
Trog
Uskayaw
Vehumet
Wu Jian
Xom
Yredelemnul
The Shining One

Shops:
D:3 *

Annotations:
D:5 Edmund


Message History

Found a wand of roots (8).
You see here an adder corpse.
Enter note: Edmund the Younger comes into view.
He is wielding a +0 flail of draining.
Found 5 datura-tipped darts.
Edmund shouts!
Enter note: You shoot an arrow.
The arrow barely misses Edmund.
You shoot an arrow. The arrow barely misses Edmund.
You shoot an arrow.
The arrow hits Edmund but does no damage.
You shoot an arrow. The arrow closely misses Edmund.
Edmund drinks a potion.
Edmund seems to grow stronger.
You shoot an arrow. The arrow hits Edmund.
Edmund is lightly wounded.
You shoot an arrow. The arrow hits Edmund.
Edmund is moderately wounded.
Edmund hits you but does no damage.
You feel drained.
You shoot an arrow. The arrow hits Edmund.
Edmund is moderately wounded.
Edmund hits you with a +0 flail of draining!
You feel drained.
Edmund hits you with a +0 flail of draining.
You feel drained.
You shoot an arrow. The arrow hits Edmund.
Edmund is moderately wounded.
Edmund hits you with a +0 flail of draining!
You feel drained.
You shoot an arrow. The arrow barely misses Edmund.
Edmund hits you with a +0 flail of draining.
You feel drained.
You shoot an arrow. The arrow hits Edmund.
Edmund is heavily wounded.
Edmund hits you with a +0 flail of draining!
You feel drained.
You shoot an arrow.
The arrow hits Edmund but does no damage.
Edmund is heavily wounded.
Edmund hits you with a +0 flail of draining!
You die...

##.....#.(.....
##............>.
#......(........
#...............
##
#..>............
.#####
#...............
.....#
#.......@.......
.....#
#.......@....../
.....#
#......%.......
...##
##.....#.....#.
....#
###.######### ##..
##.# .#.# #..#
.#.###.#####.####
....##..........#
......######.##.##


You could see Edmund (strong).

Vanquished Creatures
  An ogre (D:4)
  A centaur (D:5)
  A scorpion (D:5)
  A human zombie (Ossuary)
  2 centaur zombies (Ossuary)
  An orc priest (D:4)
  A hound (D:4)
  5 mummies (Ossuary)
  3 adders
  A worm (D:3)
  3 dart slugs
  5 orcs
  5 endoplasms
  7 giant cockroaches
  4 hobgoblins
  11 jackals
  3 kobolds
  2 quokkas
  5 ball pythons
  5 bats
  8 goblins
  A goblin zombie (Ossuary)
  3 hobgoblin zombies (Ossuary)
  An orc zombie (Ossuary)
  6 rats
86 creatures vanquished.

Notes
Turn   | Place    | Note
-------+----------+-------------------------------------------
     0 | D:1      | qw the Minotaur Hexslinger began the quest for the Orb.
     0 | D:1      | Reached XP level 1. HP: 16/16 MP: 1/1
     0 | D:1      | 0 ||| qw: Version: 0.3-a-32-g5962c71
     0 | D:1      | 0 ||| qw: Game counter: 7337
     0 | D:1      | 0 ||| qw: Melee chars always use a shield: true
     0 | D:1      | 0 ||| qw: God list: Okawaru
     0 | D:1      | 0 ||| qw: Allow faded altars: false
     0 | D:1      | 0 ||| qw: Do Orc after clearing Dungeon:15 true
     0 | D:1      | 0 ||| qw: Do second Lair branch before Depths: true
     0 | D:1      | 0 ||| qw: Lair rune preference: random
     0 | D:1      | 0 ||| qw: Goals: Normal
     0 | D:1      | 0 ||| PLANNING D:1-11
   162 | D:1      | Reached skill level 3 in Ranged Weapons
   259 | D:1      | Reached XP level 2. HP: 16/23 MP: 2/2
   884 | D:1      | 884 ||| UPGRADING to +0 ring mail.
   894 | D:1      | 894 ||| DROPPING +0 robe.
   895 | D:1      | 895 ||| UPGRADING to amulet of guardian spirit.
   900 | D:1      | 900 ||| READING scroll labelled UHYUCWEJEI.
   901 | D:1      | 901 ||| READING 2 scrolls labelled HOELOX ELIULL.
   902 | D:1      | 902 ||| DRINKING 2 amethyst potions.
   902 | D:1      | Gained mutation: You are agile. (Dex +4, Str/Int -1)
                  | [potion of mutation]
   902 | D:1      | Gained mutation: Your mind is acute. (Int +4, Str/Dex -1)
                  | [potion of mutation]
   903 | D:1      | 903 ||| DROPPING scroll of poison.
  1027 | D:2      | 1027 ||| FLEEEEING.
  1028 | D:2      | 1028 ||| FLEEEEING.
  1035 | D:2      | Reached XP level 3. HP: 23/29 MP: 1/3
  1137 | D:2      | Reached skill level 4 in Ranged Weapons
  1312 | D:2      | Reached skill level 1 in Armour
  1463 | D:2      | 1463 ||| DROPPING +6 ring of intelligence.
  1464 | D:2      | 1464 ||| READING scroll labelled CERRIEMAISCH.
  1465 | D:2      | 1465 ||| READING scroll labelled AWARAO AGACH.
  1466 | D:2      | 1466 ||| DRINKING 3 sedimented brown potions.
  1467 | D:2      | 1467 ||| READING 2 scrolls of identify.
  1467 | D:2      | 1467 ||| IDENTIFYING coppery potion
  1468 | D:2      | 1468 ||| DROPPING potion of invisibility.
  1525 | D:3      | Reached XP level 4. HP: 34/36 MP: 2/4
  1598 | D:3      | Found Woriut's Assorted Antiques.
  1608 | D:3      | 1608 ||| BUYING golden potion (19 gold).
  1608 | D:3      | Bought a golden potion for 19 gold pieces
  1608 | D:3      | 1608 ||| BUYING scroll labelled WIRCHI COACAGUG (22 gold).
  1608 | D:3      | Bought a scroll labelled WIRCHI COACAGUG for 22 gold pieces
  1608 | D:3      | 1608 ||| BUYING scroll of identify (44 gold).
  1608 | D:3      | Bought a scroll of identify for 44 gold pieces
  1608 | D:3      | 1608 ||| SHOPLISTING shiny wooden wand (88 gold, have 85).
  1826 | D:3      | 1826 ||| DROPPING scarf of invisibility.
  1827 | D:3      | 1827 ||| READING scroll labelled WIRCHI COACAGUG.
  1831 | D:3      | 1831 ||| DRINKING 3 golden potions.
  1832 | D:3      | 1832 ||| READING 2 scrolls of identify.
  1832 | D:3      | 1832 ||| IDENTIFYING red potion
  1848 | D:4      | 1848 ||| PLANNING OSSUARY
  1925 | D:4      | 1925 ||| FLEEEEING.
  1926 | D:4      | 1926 ||| FLEEEEING.
  1927 | D:4      | 1927 ||| FLEEEEING.
  1928 | D:4      | 1928 ||| FLEEEEING.
  1929 | D:4      | 1929 ||| FLEEEEING.
  1932 | D:4      | 1932 ||| FLEEEEING.
  1933 | D:4      | 1933 ||| FLEEEEING.
  1943 | D:4      | 1943 ||| FLEEEEING.
  1944 | D:4      | 1944 ||| FLEEEEING.
  2019 | D:4      | 2019 ||| UPGRADING to ring of resist corrosion.
  2020 | D:4      | 2020 ||| DRINKING 2 bubbling cyan potions.
  2021 | D:4      | 2021 ||| DROPPING potion of attraction.
  2100 | D:4      | 2100 ||| FLEEEEING.
  2101 | D:4      | 2101 ||| FLEEEEING.
  2102 | D:4      | 2102 ||| FLEEEEING.
  2109 | D:4      | 2109 ||| FLEEEEING.
  2110 | D:4      | 2110 ||| FLEEEEING.
  2111 | D:4      | 2111 ||| FLEEEEING.
  2112 | D:4      | 2112 ||| FLEEEEING.
  2119 | D:4      | 2119 ||| FLEEEEING.
  2120 | D:4      | 2120 ||| FLEEEEING.
  2124 | D:4      | 2124 ||| FLEEEEING.
  2125 | D:4      | 2125 ||| FLEEEEING.
  2126 | D:4      | 2126 ||| FLEEEEING.
  2127 | D:4      | 2127 ||| FLEEEEING.
  2128 | D:4      | 2128 ||| FLEEEEING.
  2129 | D:4      | 2129 ||| FLEEEEING.
  2130 | D:4      | 2130 ||| FLEEEEING.
  2135 | D:4      | 2135 ||| FLEEEEING.
  2136 | D:4      | 2136 ||| FLEEEEING.
  2137 | D:4      | 2137 ||| FLEEEEING.
  2138 | D:4      | 2138 ||| FLEEEEING.
  2139 | D:4      | 2139 ||| FLEEEEING.
  2140 | D:4      | 2140 ||| FLEEEEING.
  2141 | D:4      | 2141 ||| FLEEEEING.
  2142 | D:4      | 2142 ||| FLEEEEING.
  2143 | D:4      | 2143 ||| FLEEEEING.
  2144 | D:4      | 2144 ||| FLEEEEING.
  2145 | D:4      | 2145 ||| FLEEEEING.
  2146 | D:4      | 2146 ||| FLEEEEING.
  2147 | D:4      | 2147 ||| FLEEEEING.
  2157 | D:4      | 2157 ||| FLEEEEING.
  2158 | D:4      | 2158 ||| FLEEEEING.
  2166 | D:4      | 2166 ||| STAIRDANCE
  2189 | D:3      | 2189 ||| READING scroll labelled KYONUM KUXTUGU.
  2199 | D:4      | Reached skill level 5 in Ranged Weapons
  2367 | D:4      | Found a sand-covered staircase.
  2372 | Ossuary  | Entered an ossuary
  2397 | Ossuary  | Reached XP level 5. HP: 35/42 MP: 3/5
  2465 | Ossuary  | Reached skill level 3 in Fighting
  2541 | Ossuary  | 2541 ||| FLEEEEING.
  2542 | Ossuary  | 2542 ||| FLEEEEING.
  2543 | Ossuary  | 2543 ||| FLEEEEING.
  2544 | Ossuary  | 2544 ||| FLEEEEING.
  2545 | Ossuary  | 2545 ||| FLEEEEING.
  2546 | Ossuary  | 2546 ||| FLEEEEING.
  2547 | Ossuary  | 2547 ||| FLEEEEING.
  2548 | Ossuary  | 2548 ||| FLEEEEING.
  2549 | Ossuary  | 2549 ||| FLEEEEING.
  2550 | Ossuary  | 2550 ||| FLEEEEING.
  2652 | Ossuary  | Reached skill level 6 in Ranged Weapons
  2711 | Ossuary  | Reached XP level 6. HP: 51/52 MP: 3/6
  2741 | Ossuary  | 2741 ||| READING scroll labelled BACZAI SUNN.
  2742 | Ossuary  | 2742 ||| DRINKING 3 yellow potions.
  2743 | Ossuary  | 2743 ||| READING 2 scrolls of identify.
  2743 | Ossuary  | 2743 ||| IDENTIFYING emerald potion
  2744 | Ossuary  | 2744 ||| DROPPING potion of magic.
  2760 | D:4      | 2760 ||| PLANNING D:1-11
  2897 | D:4      | HP: 7/52 [ogre/+0 giant club (9)]
  2898 | D:4      | 2898 ||| DRINKING 2 potions of heal wounds.
  3010 | D:4      | Found a staircase to the Ecumenical Temple.
  3011 | D:4      | 3011 ||| PLANNING TEMPLE
  3011 | D:4      | 3011 ||| READING 2 scrolls of identify.
  3011 | D:4      | 3011 ||| IDENTIFYING orange potion
  3012 | D:4      | 3012 ||| DROPPING potion of ambrosia.
  3021 | Temple   | Entered the Ecumenical Temple
  3022 | Temple   | 3022 ||| PLANNING OKAWARU WORSHIP
  3027 | Temple   | Became a worshipper of Warmaster Okawaru
  3028 | Temple   | 3028 ||| PLANNING D:1-11
  3028 | Temple   | 3028 ||| REMOVING amulet of guardian spirit.
  3033 | Temple   | 3033 ||| DROPPING amulet of guardian spirit.
  3055 | D:4      | Found a radiant altar of Vehumet.
  3131 | D:5      | Entered Level 5 of the Dungeon
  3176 | D:5      | HP: 11/53 [centaur (3)]
  3177 | D:5      | 3177 ||| DRINKING potion of heal wounds.
  3320 | D:5      | 3320 ||| SWAPPING to +0 shortbow.
  3321 | D:5      | 3321 ||| DROPPING +2 sling.
  3384 | D:5      | Reached skill level 7 in Ranged Weapons
  3384 | D:5      | Reached XP level 7. HP: 53/60 MP: 7/7
  3437 | D:5      | Noticed Edmund
  3447 | D:5      | HP: 10/51 [Edmund/+0 flail of draining (10)]
  3448 | D:5      | Mangled by Edmund

Levels and vault maps discovered:
D:1:      scummos_arrival_forest, layout_basic, serial_rivers,
          chequers_serial_rivers_room_b, chequers_serial_rivers_large_a,
          chequers_serial_rivers_large_b, chequers_serial_rivers_micro_d
D:2:      layout_rooms
D:3:      layout_rooms, serial_shops, shop
D:4:      cheibrodos_pilgrimage, layout_basic, vehumet_crystals,
          minmay_temple_entry_stoned_glass, enter_ossuary_5
D:5:      minmay_chambers_of_threes, layout_rooms, lemuel_tele_altar,
          grunt_dithmenos_smoke_and_mirrors, uniq_edmund
Temple:   sentei_temple_godly_chess

Skill      XL: |  1  2  3  4  5  6 |
---------------+-------------------+-----
Ranged Weapons | 3 4 5 6 7 |  7.2
Fighting       | 2 3 4 |  4.7
Armour         | 1 |  1.1
Dodging        | |  2.1
Spellcasting   | |  1.0
Hexes          | |  2.0

Action                     |  1- 3 |  4- 6 |  7- 9 || total
---------------------------+-------+-------+-------++-------
   Fire: Sling             |    98 |   176 |       ||   274
         Shortbow          |       |     6 |    17 ||    23
    Use: Scroll            |     5 |     6 |       ||    11
         Potion            |     2 |     5 |       ||     7
 Armour: Ring mail         |    16 |    50 |     3 ||    69
  Dodge: Dodged            |    39 |    62 |     2 ||   103

Table legend:
 A = Non-vault XP
 B = Vault XP
 C = Vault XP percentage of total XP
 D = Non-vault monster count
 E = Vault monster count
 F = Vault count percentage of total count
                 A         B        C        D         E       F
            +---------+---------+-------+---------+---------+-------
      Total |     507 |     287 |  36.1 |      68 |      18 |  20.9
            +---------+---------+-------+---------+---------+-------
        D:1 |      20 |       0 |   0.0 |      11 |       0 |   0.0
        D:2 |      62 |       0 |   0.0 |      30 |       0 |   0.0
        D:3 |      37 |       0 |   0.0 |      10 |       0 |   0.0
        D:4 |     184 |      53 |  22.4 |      14 |       5 |  26.3
        D:5 |     204 |       0 |   0.0 |       3 |       0 |   0.0
    Ossuary |       0 |     234 | 100.0 |       0 |      13 | 100.0
            +---------+---------+-------+---------+---------+-------
